 Dungeon Crawl Stone Soup version 0.21.1-1-g345015f (webtiles) character file.

740 prawnwizard the Sneak (level 7, -5/32 HPs)
             Began as a Spriggan Enchanter on June 30, 2018.
             Slain by Duvessa
             ... wielding a +1 rapier of draining
              (7 damage)
             ... on level 5 of the Dungeon.
             The game lasted 00:20:55 (5012 turns).

prawnwizard the Sneak (Spriggan Enchanter)          Turns: 5012, Time: 00:20:56

Health: -5/32      AC:  3    Str:  4    XL:     7   Next: 46%
Magic:  12/14      EV: 21    Int: 18    God:
Gold:   245        SH:  0    Dex: 17    Spells: 5/14 levels left

rFire    . . .     SeeInvis +   a - +1 dagger
rCold    . . .     Gourm    .   (shield restricted)
rNeg     . . .     Faith    .   b - +0 robe
rPois    .         Spirit   .   j - +1 hat
rElec    .         Reflect  .   (no cloak)
rCorr    .         Harm     .   (gloves unavailable)
MR       +....                  (boots unavailable)
Stlth    ++++......             (no amulet)
HPRegen  0.10/turn              (no ring)
MPRegen  0.14/turn              (no ring)

@: drained, very quick
A: very small, unfitting armour, see invisible, herbivore, speed 3, slow
metabolism 2
a: no special abilities


You were on level 5 of the Dungeon.
You were hungry.

You visited 1 branch of the dungeon, and saw 5 of its levels.

You collected 245 gold pieces.

Inventory:

Hand Weapons
 a - a +1 dagger (weapon)
Armour
 b - a +0 robe (worn)
 j - a +1 hat (worn)
Wands
 k - a wand of paralysis (6)
Scrolls
 e - 2 scrolls of fear {unknown}
 f - a scroll of fog {unknown}
 g - a scroll of magic mapping {unknown}
 h - 9 scrolls of identify {unknown}
 i - a scroll of enchant weapon {unknown}
 l - 2 scrolls of noise {unknown}
 n - 4 scrolls of remove curse {unknown}
 p - 2 scrolls of amnesia {unknown}
Potions
 m - 3 potions of berserk rage {unknown}
 o - a potion of curing {unknown}
Books
 c - a book of Maledictions

   Spells                             Type                      Level
   a - Corona                         Hexes                        1
   b - Ensorcelled Hibernation        Hexes/Ice                    2
   c - Confuse                        Hexes                        3
   d - Tukima's Dance                 Hexes                        3
   e - Dazzling Spray                 Conjuration/Hexes            3
Comestibles
 d - 4 rations


   Skills:
 - Level 1.1(0.6) Short Blades
 + Level 6.2(5.5) Dodging
 + Level 7.8(7.2) Stealth
 - Level 4.0(3.4) Spellcasting
 * Level 7.5(6.9) Hexes


You had 5 spell levels left.
You knew the following spells:

 Your Spells              Type           Power        Failure   Level  Hunger
a - Corona                Hex            ####...      1%          1    None
b - Ensorcelled Hibernat  Hex/Ice        ###...       5%          2    ##.....
c - Confuse               Hex            ####....     2%          3    ###....
d - Dazzling Spray        Conj/Hex       ###...       11%         3    ###....


Dungeon Overview and Level Annotations

Branches:
Dungeon (5/15)
 Temple: D:4-7

Altars:
Makhleb

Annotations:
D:3 Grinder, Sigmund
D:5 Duvessa


Innate Abilities, Weirdness & Mutations

You are very small and have problems with some larger weapons.
You are too small for most types of armour.
You have supernaturally acute eyesight. (SInv)
You are a herbivore.
You cover ground extremely quickly.
You need consume almost no food.


Message History

Aiming: Ensorcelled Hibernation
Press: ? - help, Shift-Dir - straight line, f - Dowan, p - howler monkey
Aim: Dowan, wielding a dagger and wearing a robe (chance to defeat MR: 47%) Dowan looks drowsy...
The helpless Dowan fails to defend himself.
You impale Dowan!!
You kill Dowan!
Duvessa screams in rage.
Duvessa goes berserk!
The howler monkey closely misses you.
Duvessa rages.
Duvessa hits you with a rapier of draining!!
Ouch! That really hurt!
You feel drained.
* * * LOW HITPOINT WARNING * * *
The howler monkey hoots and howls with incredible vigour!
Duvessa rages.
The howler monkey hoots and howls with incredible vigour!
There is a stone staircase leading up here.
Duvessa hits you with a rapier of draining!
You die...

##### . ###...## .#
#########......#
.##..#......###e.#
#. #.[......##.@##
.##............# .
#.#..........#.#
.##.##......h[.#รท#
.+...............#
.##.##........#.##
.##.#.........#.#
.#h##.......#...#
.#.##...#####.)##


You could see Duvessa (berserk) and a howler monkey.

Vanquished Creatures
  An ice beast (D:4)
  3 ogres (D:4)
  Dowan (D:5)
  A crimson imp (D:5)
  2 hounds (D:5)
  A jelly (D:5)
  A centaur skeleton (D:4)
  An iguana (D:5)
  Natasha (thrice) (D:2)
  4 adders
  2 adder skeletons (D:4)
  7 leopard geckos
  3 orcs
  4 bats
  3 giant cockroaches (D:1)
  5 goblins
  4 hobgoblins
  7 jackals (D:3)
  A quokka (D:4)
  4 frilled lizards
  A jackal skeleton (D:4)
  A jackal zombie (D:5)
  2 kobolds (D:1)
  2 rats
64 creatures vanquished.

Notes
Turn   | Place    | Note
-------+----------+-------------------------------------------
     0 | D:1      | prawnwizard the Spriggan Enchanter began the quest for the Orb.
     0 | D:1      | Reached XP level 1. HP: 9/9 MP: 5/5
    82 | D:1      | Reached skill level 5 in Stealth
   153 | D:1      | Reached XP level 2. HP: 11/13 MP: 6/6
   157 | D:1      | Learned a level 2 spell: Ensorcelled Hibernation
  1090 | D:2      | Reached XP level 3. HP: 14/16 MP: 8/8
  1111 | D:2      | Noticed Natasha
  1123 | D:2      | Killed Natasha
  1179 | D:2      | Noticed Natasha
  1186 | D:2      | Killed Natasha
  1186 | D:2      | Reached XP level 4. HP: 20/21 MP: 2/9
  1591 | D:2      | Noticed Natasha
  1684 | D:2      | Killed Natasha
  1684 | D:2      | Reached skill level 5 in Hexes
  2369 | D:3      | Noticed Grinder
  2370 | D:3      | Noticed Sigmund
  2469 | D:4      | Found a burning altar of Makhleb.
  2762 | D:4      | Reached XP level 5. HP: 18/24 MP: 10/10
  2779 | D:4      | Learned a level 3 spell: Confuse
  2783 | D:4      | Learned a level 3 spell: Dazzling Spray
  2792 | D:4      | Noticed an ogre
  2810 | D:4      | Killed an ogre
  3171 | D:4      | Noticed an ogre
  3191 | D:4      | Killed an ogre
  3191 | D:4      | Reached skill level 5 in Dodging
  3191 | D:4      | Reached XP level 6. HP: 23/28 MP: 1/12
  3911 | D:5      | Entered Level 5 of the Dungeon
  4029 | D:5      | Noticed an ice beast
  4108 | D:5      | Reached XP level 7. HP: 24/32 MP: 7/14
  4119 | D:5      | Noticed Dowan
  4120 | D:5      | Noticed Duvessa
  4990 | D:5      | Killed Dowan
  4993 | D:5      | HP: 1/32 [Duvessa/rapier of draining (10)]
  5012 | D:5      | Slain by Duvessa

Skill      XL: |  1  2  3  4  5  6  7 |
---------------+----------------------+-----
Stealth        | 5 6 7 |  7.8
Spellcasting   | 3 4 |  4.0
Hexes          | 4 5 6 7 |  7.5
Dodging        | 4 5 6 |  6.2
Short Blades   | |  1.1

Action                   |  1- 3 |  4- 6 |  7- 9 || total
-------------------------+-------+-------+-------++-------
Melee: Dagger            |   118 |   193 |    58 ||   369
 Cast: Ensorcelled Hiber |     8 |    21 |    14 ||    43
       Dazzling Spray    |       |     1 |       ||     1
       Confuse           |       |       |     2 ||     2
 Stab: Sleeping          |    12 |    15 |     3 ||    30
       Distracted        |       |     1 |       ||     1
       Confused          |       |       |     1 ||     1
  Eat: Ration            |       |     1 |     1 ||     2
Armor: Robe              |    11 |    17 |     3 ||    31
Dodge: Dodged            |    89 |   216 |    57 ||   362
